 Dungeon Crawl Stone Soup version 0.29-a0-359-g541a27f54d (webtiles) character file.

Game seed: 1721149202696884050

2801 YayAnonymity the Grappler (level 9, -8/88 HPs)
             Began as a Troll Berserker on Apr 28, 2022.
             Was an Elder of Trog.
             Mangled by Joseph
             ... wielding a +0 spectral quarterstaff
              (14 damage)
             ... on level 7 of the Dungeon.
             The game lasted 00:09:25 (4962 turns).

YayAnonymity the Grappler (Troll Berserker)         Turns: 4962, Time: 00:09:26

Health: -8/88      AC:  5    Str: 29    XL:     9   Next: 44%
Magic:  8/8        EV: 10    Int:  5    God:    Trog [****..]
Gold:   354        SH:  0    Dex:  9    Spells: 8/8 levels left

rFire   . . .      SeeInvis .     - Unarmed
rCold   . . .      Faith    .   (no shield)
rNeg    . . .      Spirit   .   b - +1 animal skin
rPois   .          Reflect  .   (helmet restricted)
rElec   .          Harm     .   (no cloak)
rCorr   .          Rampage  .   (gloves unavailable)
Will    .....                   (boots unavailable)
Stlth   +.........              j - amulet of magic regeneration
HPRegen 1.04/turn               (no ring)
MPRegen 0.51/turn               (no ring)

@: lethally poisoned (-8 -> -11), on berserk cooldown, slowed, very slow
A: large, unfitting armour, claws 3, regeneration 1, shaggy fur 1, tough skin 1
a: Renounce Religion, Berserk, Trog's Hand, Brothers in Arms


You were on level 7 of the Dungeon.
You worshipped Trog.
Trog was greatly pleased with you.
You visited 2 branches of the dungeon, and saw 8 of its levels.

You collected 354 gold pieces.

Inventory:

Hand Weapons
 a - a +1 giant spiked club
Missiles
 i - a throwing net
 k - 2 boomerangs (quivered)
Armour
 b - a +1 animal skin (worn)
Jewellery
 j - an amulet of magic regeneration (around neck)
Wands
 m - a wand of paralysis (18)
 o - a wand of digging (3)
 r - a wand of polymorph (8)
 u - a wand of flame (26)
Scrolls
 c - a scroll of enchant weapon
 n - a scroll of noise
 t - a scroll of magic mapping
Potions
 e - a potion of magic
 f - a potion of ambrosia
 g - 5 potions of curing
 h - a potion of resistance {unknown}
 q - a potion of might {unknown}


   Skills:
 - Level 5.0 Fighting
 + Level 6.3 Maces & Flails
 - Level 5.0 Dodging
 * Level 8.7 Unarmed Combat


You had 8 spell levels left.
You didn't know any spells.
Your spell library was empty.

Dungeon Overview and Level Annotations

Branches:
Dungeon (7/15)             Temple (1/1) D:6

Altars:
Ashenzari
Dithmenos
Elyvilon
Fedhas
Gozag
Hepliaklqana
Kikubaaqudgha
Makhleb
Nemelex Xobeh
Okawaru
Qazlal
Ru
Sif Muna
Trog
Uskayaw
Vehumet
Wu Jian
Xom
Yredelemnul
Zin
The Shining One

Shops:
D:1 ?=[   D:3 [[*=

Annotations:
D:7 Joseph


Innate Abilities, Weirdness & Mutations

You are too large for most types of armour.
You have claws for hands.
Your natural rate of healing is unusually fast.
You are covered in fur. (AC +1)
You have tough skin. (AC +1)


Message History

Trog accepts your kill.
A centaur comes into view. It is wielding a +0 dagger.
You claw the orc wizard!
You kill the orc wizard!
Trog accepts your kill.
Trog appreciates your killing of a magic user.
The sky beast flickers out of sight!
Deactivating autopickup; reactivate with Ctrl-A.
The orc priest invokes the aid of Beogh against you.
Pain shoots through your body!
A phantom comes into view.
The centaur unwields a +0 dagger.
The centaur wields a +0 shortbow.
The centaur shoots an arrow.
The arrow hits you!
A bullfrog comes into view.
You claw Joseph!
Joseph is lightly wounded.
Joseph unwields a +0 hunting sling.
Joseph wields a +0 spectral quarterstaff.
Joseph hits you with a +0 spectral quarterstaff.
The orc priest hits you from afar with a +2 trident of venom.
* * * LOW HITPOINT WARNING * * *
You are poisoned.
A sky beast appears from thin air!
Reactivating autopickup.
You claw Joseph!
Joseph is moderately wounded.
You feel very sick.
Joseph hits you with a +0 spectral quarterstaff!
* * * LOW HITPOINT WARNING * * *
The orc closely misses you.
The orc priest hits you but does no damage.
You are more poisoned.
Okay, then.
As you read the scroll labelled SYREACUCSEF, it crumbles to dust.
The creatures around you are filled with an inner flame!
It was a scroll of immolation.
* * * LOW HITPOINT WARNING * * *
You feel very sick.
Joseph hits you with a +0 spectral quarterstaff!
You die...

................'.....#
#####...#########...###
#...# ##### #...# #...#
#...## # ##.?.#
....###...# ......o@..#
.....c#@### ####
.......o. #...
..#...#F.. #...
...###.W... #... ...
...... #... .. ......#
#...
.#.....#########...
...........


You could see Joseph (inner flame), a phantom (inner flame), a bullfrog (inner
flame), a centaur (inner flame), an orc priest (inner flame) and an orc (inner
flame).

Vanquished Creatures
  Pikel (D:6)
  Sigmund (D:6)
  Eustachio (D:6)
  Edmund (D:5)
  Menkaure (D:7)
  A water moccasin (D:5)
  An orc warrior (D:7)
  A sky beast (D:6)
  2 black bears (D:6)
  2 ogres
  A centaur (D:3)
  2 lemures (D:6)
  A phantom (D:4)
  A bullfrog (D:7)
  4 necrophages
  A scorpion (D:4)
  A howler monkey (D:7)
  An orc priest (D:7)
  3 hounds
  2 gnoll shamans (D:5)
  Jessica (D:3)
  Ijyb (D:3)
  2 iguanas (D:5)
  3 orc wizards
  11 gnolls
  3 adders
  2 shadow imps
  4 white imps
  2 ufetubi
  A worm (D:2)
  3 dart slugs
  11 orcs
  4 endoplasms
  A giant cockroach (D:4)
  11 goblins
  10 hobgoblins
  5 jackals
  4 quokkas
  8 ball pythons
  2 bats (D:2)
  5 frilled lizards
  10 kobolds
  4 rats
137 creatures vanquished.

Vanquished Creatures (others)
  An ufetubus (D:7)
  An orc (D:7)
2 creatures vanquished.

Grand Total: 139 creatures vanquished

Notes
Turn   | Place    | Note
-------+----------+-------------------------------------------
     0 | D:1      | YayAnonymity the Troll Berserker began the quest for the
                  | Orb.
     0 | D:1      | Reached XP level 1. HP: 22/22 MP: 0/0
    17 | D:1      | Found Parimeu's Jewellery Boutique.
   114 | D:1      | Reached XP level 2. HP: 29/29 MP: 1/1
   133 | D:1      | Reached skill level 1 in Unarmed Combat
   225 | D:1      | Found a faded altar of an unknown god.
   424 | D:1      | Found Ygeg's Armour Shoppe.
   494 | D:1      | Found Hioniz Furhy's Magic Scroll Boutique.
   953 | D:2      | Reached XP level 3. HP: 18/36 MP: 2/2
  1064 | D:2      | Reached skill level 2 in Unarmed Combat
  1068 | D:2      | Reached XP level 4. HP: 44/44 MP: 3/3
  1408 | D:2      | Reached ** piety under Trog
  1517 | D:2      | Reached XP level 5. HP: 47/53 MP: 4/4
  1677 | D:3      | Found Kifomyne's Armour Shoppe.
  1742 | D:3      | Noticed a centaur
  1749 | D:3      | Killed a centaur
  1750 | D:3      | Reached skill level 3 in Unarmed Combat
  1774 | D:3      | Found Jahefex's Jewellery Emporium.
  1807 | D:3      | Noticed Ijyb
  1816 | D:3      | Paralysed by Ijyb for 2 turns
  1827 | D:3      | Killed Ijyb
  1912 | D:3      | Noticed Jessica
  1919 | D:3      | Killed Jessica
  1920 | D:3      | Reached XP level 6. HP: 57/61 MP: 5/5
  1953 | D:3      | Found Gono's General Store.
  1992 | D:3      | Found Kytucw's Antique Armour Shop.
  2441 | D:4      | Reached *** piety under Trog
  2557 | D:4      | Reached skill level 4 in Unarmed Combat
  2814 | D:4      | Reached XP level 7. HP: 68/68 MP: 6/6
  3069 | D:4      | You fall into a shaft and drop 1 floor!
  3069 | D:5      | Entered Level 5 of the Dungeon
  3117 | D:5      | Reached skill level 5 in Unarmed Combat
  3370 | D:5      | Noticed Edmund
  3415 | D:5      | Reached XP level 8. HP: 73/78 MP: 7/7
  3422 | D:5      | Killed Edmund
  3519 | D:5      | Reached skill level 6 in Unarmed Combat
  3735 | D:6      | Reached skill level 5 in Maces & Flails
  3847 | D:6      | Found a staircase to the Ecumenical Temple.
  3879 | D:6      | Reached **** piety under Trog
  3909 | Temple   | Entered the Ecumenical Temple
  4209 | D:6      | Noticed Pikel
  4225 | D:6      | Killed Pikel
  4226 | D:6      | Reached skill level 5 in Fighting
  4226 | D:6      | Reached skill level 5 in Dodging
  4226 | D:6      | Reached skill level 7 in Unarmed Combat
  4226 | D:6      | Reached XP level 9. HP: 88/88 MP: 8/8
  4228 | D:6      | Noticed Sigmund
  4239 | D:6      | Killed Sigmund
  4521 | D:6      | Noticed Eustachio
  4545 | D:6      | Killed Eustachio
  4546 | D:6      | Reached skill level 8 in Unarmed Combat
  4686 | D:7      | Noticed Menkaure
  4690 | D:7      | Killed Menkaure
  4952 | D:7      | Noticed Joseph
  4962 | D:7      | Mangled by Joseph

Illustrated notes

Levels and vault maps discovered:
D:1:      heliophobic_arrival_enchanted_forest, layout_basic, serial_shops,
          shop, shop, nicolae_shop_stone, chequers_ecumenical_altar_simple
D:2:      layout_basic, minmay_goblin_outpost
D:3:      minmay_evil_eye, layout_loops_ring, serial_shops,
          nicolae_shop_statue_plus, shop, shop_statue, nicolae_lakefront_shop,
          hex_medium, uniq_ijyb, uniq_jessica
D:4:      layout_gridville
D:5:      layout_rooms, uniq_edmund
D:6:      black_bear_nest_1, layout_basic, temple_hall, uniq_eustachio,
          uniq_sigmund, uniq_pikel
D:7:      layout_basic, minmay_fractal_squares_diagonal_5, uniq_joseph,
          uniq_menkaure
Temple:   nicolae_temple_the_god_donut

Skill      XL: |  1  2  3  4  5  6  7  8  9 |
---------------+----------------------------+-----
Unarmed Combat | 1 2 3 4 5 7 8 |  8.7
Maces & Flails | 3 4 5 6 |  6.3
Fighting       | 3 4 5 |  5.0
Dodging        | 3 4 5 |  5.0

Action                   |  1- 3 |  4- 6 |  7- 9 || total
-------------------------+-------+-------+-------++-------
Melee: Unarmed           |    70 |   181 |   164 ||   415
       Punch             |     1 |     3 |     1 ||     5
Throw: Boomerang         |       |     3 |       ||     3
Invok: Berserk           |     1 |     1 |     6 ||     8
  Use: Scroll            |       |     4 |     7 ||    11
Armor: Animal skin       |    23 |    44 |    28 ||    95
Dodge: Dodged            |    30 |   112 |    60 ||   202

Table legend: (Time is in decaauts)
 A = Elapsed time spent in this place.
 B = Non-inter-level travel time spent in this place.
 C = Inter-level travel time spent in this place.
 D = Time resting spent in this place.
 E = Time spent auto-exploring this place.
 F = Levels seen in this place.
 G = Mean time per level.
                   A        B        C        D        E       F      G
               +--------+--------+--------+--------+--------+-----+--------+
         Total |   4983 |   4691 |    292 |     78 |   3660 |   8 |  622.9 |
       Dungeon |   4724 |   4448 |    276 |     78 |   3433 |   7 |  674.9 |
        Temple |    259 |    243 |     16 |      0 |    227 |   1 |  259.0 |
               +--------+--------+--------+--------+--------+-----+--------+

Top non-repeatable levels by time:
     D:1: 849 daAuts
     D:2: 827 daAuts
     D:4: 744 daAuts
     D:3: 742 daAuts
     D:6: 608 daAuts
     D:5: 581 daAuts
     D:7: 371 daAuts
  Temple: 259 daAuts
